 Dungeon Crawl Stone Soup version 0.29-a0-1027-gcd8c55af63 (webtiles) character file.

Game seed: 5011406086405059938

51 Destapler the Grave Robber (level 3, -1/20 HPs)
             Began as a Deep Elf Necromancer on Aug 12, 2022.
             Slain by a ball python (2 damage)
             ... on level 4 of the Dungeon.
             The game lasted 00:04:47 (1081 turns).

Destapler the Grave Robber (Deep Elf Necromancer)   Turns: 1081, Time: 00:04:47

Health: -1/20      AC:  3    Str:  5    XL:     3   Next: 58%
Magic:  5/10       EV: 13    Int: 21    God:
Gold:   76         SH:  0    Dex: 15    Spells: 8/9 levels left

rFire   . . .      SeeInvis .   a - +0 dagger
rCold   . . .      Faith    .   (no shield)
rNeg    . . .      Spirit   .   j - +0 robe
rPois   .          Reflect  .   (no helmet)
rElec   .          Harm     .   c - +0 cloak
rCorr   .          Rampage  .   (no gloves)
Will    .....                   (no boots)
Stlth   ++........              (no amulet)
HPRegen 0.06/turn               (no ring)
MPRegen 0.12/turn               (no ring)

@: no status effects
A: no striking features
a: no special abilities


You were on level 4 of the Dungeon.
You visited 1 branch of the dungeon, and saw 3 of its levels.

You collected 76 gold pieces.

Inventory:

Hand Weapons
 a - a +0 dagger (weapon)
Armour
 c - a +0 cloak (worn)
 j - a +0 robe (worn)
Scrolls
 d - a scroll of magic mapping {unknown}
 e - a scroll of identify {unknown}
 f - a scroll of poison {unknown}
 g - a scroll of enchant armour {unknown}
 i - a scroll of teleportation {unknown}
Potions
 b - a potion of magic
 h - a potion of resistance {unknown}
 k - a potion of cancellation {unknown}
 l - a potion of haste {unknown}


   Skills:
 + Level 0.7 Fighting
 + Level 3.2 Dodging
 + Level 3.3 Stealth
 + Level 3.7 Spellcasting
 - Level 5.0 Necromancy


You had 8 spell levels left.
You knew the following spells:

 Your Spells              Type           Power      Damage    Failure   Level
a - Necrotise             Necr           100%       1d9       1%          1

Your spell library contained the following spells:

 Spells                   Type           Power      Damage    Failure   Level
 Vampiric Draining        Necr           25%        2d7       4%          3
 Animate Dead             Necr           25%        N/A       16%         4
 Agony                    Necr           25%        N/A       41%         5


Dungeon Overview and Level Annotations

Branches:
Dungeon (2/15)

Altars:
Makhleb


Message History

Reactivating autopickup.
You feel a bit more experienced. The orc hits you with a +0 flail!
Ouch! That really hurt!
* * * LOW HITPOINT WARNING * * *
You have reached level 3!
Your experience leads to an increase in your attributes!
Increase (S)trength, (I)ntelligence, or (D)exterity?
You feel clever. x2
Your orc wizard skeleton hits the orc.
There is an open door here.
The orc attacks as you move away! The orc barely misses you.
Found a scroll labelled EFAIREXOLI.
The orc attacks as you move away! The orc closely misses you.
The orc attacks as you move away! The orc closely misses you.
The orc attacks as you move away! The orc closely misses you.
The orc attacks as you move away! The orc barely misses you.
The orc attacks as you move away! The orc barely misses you.
Things that are here:
a +0 dagger; a +0 leather armour
Things that are here:
a +0 dagger; a +0 robe The orc attacks as you move away!
The orc hits you with a +0 flail.
* * * LOW HITPOINT WARNING * * *
The orc attacks as you move away! The orc barely misses you.
A gnoll comes into view. It is wielding a +0 club.
The orc attacks as you move away!
The orc barely misses you. 2 gnolls come into view.
The gnoll moves out of view.
A gnoll comes into view. It is wielding a +0 club.
Found a leather armour.
The gnoll shouts! x2; You hear an angry hiss.
The orc attacks as you move away! The orc barely misses you.
A ball python comes into view.
The gnoll completely misses you.
Things that are here:
11 gold pieces; a coppery potion The orc attacks as you move away!
The orc misses you. The gnoll completely misses you.
You closely miss the ball python. The ball python bites you.
You die...

######## #......#
############ #......#
.... ..... +......+
#.####.#####.gg...####
#..))......oog@S.g...#
#.####.########...[..#
#.# #.# ......# #o#
#.# #######
###.####'##
#...#.....#
..#Z#.....#
....#.....#
≈≈........#


You could see 4 gnolls, 2 orcs and a ball python.

Vanquished Creatures
  An orc wizard (D:4)
  A dart slug (D:1)
  An orc (D:4)
  A bat (D:1)
  An endoplasm (D:1)
  A giant cockroach (D:1)
  3 goblins (D:1)
  5 hobgoblins (D:1)
  A ball python (D:1)
  A frilled lizard (D:1)
  2 kobolds (D:1)
  3 rats (D:1)
21 creatures vanquished.

Vanquished Creatures (collateral kills)
  2 frilled lizards (D:1)
  A rat (D:1)
3 creatures vanquished.

Grand Total: 24 creatures vanquished

Notes
Turn   | Place    | Note
-------+----------+-------------------------------------------
     0 | D:1      | Destapler the Deep Elf Necromancer began the quest for the
                  | Orb.
     0 | D:1      | Reached XP level 1. HP: 10/10 MP: 6/6
   314 | D:1      | Reached skill level 5 in Necromancy
   314 | D:1      | Reached XP level 2. HP: 14/15 MP: 5/8
   547 | D:1      | Found a faded altar of an unknown god.
   999 | D:2      | You fall into a shaft and drop 2 floors!
   999 | D:4      | Found a burning altar of Makhleb.
  1017 | D:4      | Noticed a phantom
  1054 | D:4      | Reached XP level 3. HP: 4/20 MP: 1/10
  1072 | D:4      | HP: 1/20 [orc/+0 flail (4)]
  1081 | D:4      | Slain by a ball python

Illustrated notes

Levels and vault maps discovered:
D:1:      saegor_arrival_simple_e, layout_basic,
          dreamdust_ecumenical_altar_angels_and_demons
D:2:      layout_rooms
D:4:      layout_basic, mainiacjoe_overflow_small_starburst,
          kennysheep_little_box, minmay_misc_feat_rugged, uniq_eustachio

Skill      XL: |  1  2 |
---------------+-------+-----
Necromancy     | 5 |  5.0
Stealth        | 3 |  3.3
Dodging        | 3 |  3.2
Fighting       | |  0.7
Spellcasting   | |  3.7

Action                   || total
-------------------------++-------
Melee: Unarmed           ||     8
       Hand axe          ||    12
       Dagger            ||    13
 Cast: Necrotise         ||    25
Armor: Robe              ||     6
Dodge: Dodged            ||    34

Table legend: (Time is in decaauts)
 A = Elapsed time spent in this place.
 B = Non-inter-level travel time spent in this place.
 C = Inter-level travel time spent in this place.
 D = Time resting spent in this place.
 E = Time spent auto-exploring this place.
 F = Levels seen in this place.
 G = Mean time per level.
                   A        B        C        D        E       F      G
               +--------+--------+--------+--------+--------+-----+--------+
         Total |   1083 |   1048 |     35 |      2 |    775 |   3 |  361.0 |
       Dungeon |   1083 |   1048 |     35 |      2 |    775 |   3 |  361.0 |
               +--------+--------+--------+--------+--------+-----+--------+

Top non-repeatable levels by time:
     D:1: 1001 daAuts
     D:4: 81 daAuts
